 Dungeon Crawl Stone Soup version 0.29.1-1-gd02db6906a (webtiles) character file.

Game seed: 3618400537114770943

16 xian the Chucker (level 2, 0/21 HPs)
             Began as a Demonspawn Wanderer on Oct 17, 2022.
             Was a Follower of Nemelex Xobeh.
             Succumbed to a goblin's poison
             ... on level 1 of the Dungeon.
             The game lasted 00:01:18 (984 turns).

xian the Chucker (Demonspawn Wanderer)               Turns: 984, Time: 00:01:19

Health: 0/21       AC:  3    Str: 14    XL:     2   Next: 37%
Magic:  1/4        EV: 11    Int: 12    God:    Nemelex Xobeh [*.....]
Gold:   59         SH:  0    Dex: 17    Spells: 0/3 levels left

rFire   . . .      SeeInvis .   a - +0 falchion
rCold   . . .      Faith    .   (no shield)
rNeg    . . .      Spirit   .   e - +0 leather armour
rPois   .          Reflect  .   (no helmet)
rElec   .          Harm     .   (no cloak)
rCorr   .          Rampage  .   (no gloves)
Will    .....                   (no boots)
Stlth   +.........              (no amulet)
HPRegen 0.07/turn               f - +6 ring of dexterity
MPRegen 0.09/turn               (no ring)

@: lethally poisoned (0 -> -14)
A: claws 1
a: Renounce Religion, Draw Escape, Draw Destruction, Draw Summoning


You were on level 1 of the Dungeon.
You worshipped Nemelex Xobeh.
Nemelex Xobeh was aware of your devotion.
You visited 1 branch of the dungeon, and saw 1 of its levels.

You collected 59 gold pieces.

Inventory:

Hand Weapons
 a - a +0 falchion (weapon)
 c - a +0 dagger
Missiles
 b - 7 poisoned darts
Armour
 e - a +0 leather armour (worn)
Jewellery
 f - a +6 ring of dexterity (left claw)
Potions
 d - a potion of haste
 h - a potion of attraction {unknown}
 i - a potion of magic {unknown}


   Skills:
 + Level 1.2 Fighting
 + Level 1.0 Long Blades
 + Level 3.0 Throwing
 + Level 1.0 Armour
 + Level 1.3 Spellcasting
 + Level 2.1 Poison Magic
 + Level 1.2 Invocations


You couldn't memorise any spells.
You knew the following spells:

 Your Spells              Type           Power      Damage    Failure   Level
a - Sting                 Tmut/Pois      12%        1d3       22%         1
b - Poisonous Vapours     Pois/Air       6%         N/A       34%         2

Your spell library contained the following spells:

 Spells                   Type           Power      Damage    Failure   Level
 Mephitic Cloud           Conj/Pois/Air  2%         N/A       63%         3


Dungeon Overview and Level Annotations

Branches:
Dungeon (1/15)

Altars:
Nemelex Xobeh


Innate Abilities, Weirdness & Mutations

You have sharp fingernails.


Message History

You enter the shallow water.
Moving in this stuff is going to be slow.
h - a black potion
i - a sedimented orange potion
As you read the scroll labelled ZUATTU NIRADA, it crumbles to dust.
You hear the tinkle of a tiny bell.
It was a scroll of butterflies.
You swap places.
You swap places.
You see here 4 stones.
A kobold comes into view. It is wielding a +0 club.
Found a chain mail.
The kobold shouts!
You can't see any susceptible monsters within range! (Use Z to cast anyway.)
The sting hits the kobold.
The kobold is poisoned.
The kobold is severely wounded.
You kill the kobold!
You can't see any susceptible monsters within range! (Use Z to cast anyway.)
You can't see any susceptible monsters within range! (Use Z to cast anyway.)
You see here a +0 club.
You see here a +0 club.
A goblin comes into view. It is wielding a +1 dagger of venom.
The goblin shouts!
The sting misses the goblin.
The goblin hits you but does no damage.
You are poisoned.
The sting hits the goblin.
The goblin is poisoned.
The goblin is moderately wounded.
You feel sick.
The goblin hits you with a +1 dagger of venom.
You are lethally poisoned!
You barely miss the goblin.
The goblin is moderately wounded.
You feel very sick.
The goblin hits you with a +1 dagger of venom.
You are more poisoned.
You slash the goblin!
You kill the goblin!
* * * LOW HITPOINT WARNING * * *
You feel very sick.
You die...
Your body disappears without a glow.

#.#...# ########## #~≈≈~~~≈~≈~~.
..#...# #≈≈≈≈~~~~~≈~~ ..#(..#
#≈≈≈≈#..~..~. ##..>.#
#≈≈≈###.##.## ......# #≈≈#
#.##... ......# ≈# #.#####
#####.# #.##### #####.#
######### ##.#.... ......####.#
#..@....# #.....# .)##.......#
#.####### #####...# ..##.#######
#.# #####.# #...## ..##.# ###.#
#.....###..... ..##.# #...#
#.###.[....... #.##.# #...# #.#
#.####..## #.##.# ####...#####.#
#.####..#
#.##.####...>.....#..###.#.....#
#.##...............#.....#.###.#


There were no monsters in sight!

Vanquished Creatures
  A dart slug (D:1)
  2 endoplasms (D:1)
  4 goblins (D:1)
  A hobgoblin (D:1)
  3 ball pythons (D:1)
  A kobold (D:1)
  A rat (D:1)
13 creatures vanquished.

Notes
Turn   | Place    | Note
-------+----------+-------------------------------------------
     0 | D:1      | xian the Demonspawn Wanderer began the quest for the Orb.
     0 | D:1      | xian set off with the following items: a +0 falchion, 7
                  | poisoned darts, a +0 dagger, a potion of haste, a +0
                  | leather armour; and the following spell memorised: Sting;
                  | and the following spells available to memorise: Poisonous
                  | Vapours, Mephitic Cloud.
     0 | D:1      | Reached XP level 1. HP: 15/15 MP: 2/2
   505 | D:1      | Reached skill level 3 in Throwing
   505 | D:1      | Discovered your monstrous ancestry.
   505 | D:1      | Gained mutation: You have sharp fingernails. [demonic
                  | ancestry]
   505 | D:1      | Reached XP level 2. HP: 21/21 MP: 0/3
   508 | D:1      | Learned a level 2 spell: Poisonous Vapours
   743 | D:1      | Found a faded altar of an unknown god.
   759 | D:1      | Prayed at the altar of an unknown god.
   759 | D:1      | Became a worshipper of Nemelex Xobeh the Trickster
   759 | D:1      | Reached * piety under Nemelex Xobeh
   759 | D:1      | Received a gift from Nemelex Xobeh
   984 | D:1      | Succumbed to a goblin's poison

Illustrated notes

Levels and vault maps discovered:
D:1:      dpeg_arrival_pond, layout_loops_ring,
          hellmonk_ecumenical_altar_leap_of_faith,
          chequers_serial_rivers_large_b, minmay_curled_crystal,
          chequers_serial_rivers_large_a

Skill      XL: |  1 |
---------------+----+-----
Throwing       | 3 |  3.0
Fighting       | |  1.2
Long Blades    | |  1.0
Armour         | |  1.0
Spellcasting   | |  1.3
Poison Magic   | |  2.1
Invocations    | |  1.2

Action                   || total
-------------------------++-------
Melee: Falchion          ||    22
 Cast: Sting             ||    14
  Use: Scroll            ||     1
Armor: Leather armour    ||     9
Dodge: Dodged            ||     7
